Map: Abyssal Reef LE

Players

zzzawoyzzz

  • Race: Terran Terran
  • League: Master
  • Spawn Location: 11:00

Bourbond - Winner!

  • Race: Terran Terran
  • League: Master
  • Spawn Location: 5:00

VOD

Have the link to the VOD?

Description

Time

  • Played on: Dec. 25, 2017, 6:22 a.m.
  • Length: 23:41
Show
View Real Time Build Order
Export as new Build Order

zzzawoyzzz Terran 

Build Orders: MMM Bio, Banshee Rush 

Get SALT Encoding   

  12  0:00  SCV  
  13  0:13  SCV  
  14  0:17  Supply Depot  
  14  0:25  SCV  
  14  0:27  Refinery  
  15  0:38  SCV  
  16  0:45  Barracks  
  16  0:50  SCV  
  17  1:03  SCV  
  18  1:15  SCV  
  19  1:32  Reaper, Orbital Command  
  20  1:45  Command Center  
  20  1:55  Supply Depot  
  20  1:58  SCV  
  21  2:04  Reaper  
  22  2:10  SCV  
  22  2:13  Factory  
  23  2:18  Refinery  
  23  2:22  SCV  
  24  2:34  SCV  
  25  2:47  Barracks Tech Lab  
  25  2:48  SCV  
  25  2:49  Barracks Reactor  
  25  2:56  Orbital Command  
  25  3:00  Starport  
  25  3:01  Hellion  
  25  3:02  SCV  
  28  3:18  SCV  
  29  3:23  Factory Tech Lab  
  29  3:25  SCV  
  30  3:28  Marine x2  
  30  3:30  SCV  
  33  3:37  Command Center  
  33  3:40  SCV  
  34  3:42  SCV  
  35  3:51  Marine x2  
  35  3:53  SCV  
  35  3:54  SCV  
  39  3:56  Banshee, Cloaking Field  
  39  4:01  Supply Depot  
  42  4:04  Cyclone  
  45  4:11  Marine  
  45  4:16  Supply Depot  
  46  4:22  Marine  
  46  4:23  Engineering Bay, SCV x2  
  49  4:29  Marine  
  50  4:34  Supply Depot  
  50  4:36  SCV  
  50  4:37  SCV  
  52  4:39  Supply Depot  
  52  4:41  Banshee  
  52  4:44  Factory Tech Lab  
  55  4:47  Marine x2  
  57  4:53  Refinery  
  57  4:55  Refinery  
  57  4:57  Orbital Command  
  57  4:59  SCV x2  
  59  5:05  Siege Tank  
  59  5:06  Marine  
  59  5:07  Marine  
  64  5:14  Supply Depot  
  64  5:23  Banshee  
  64  5:24  SCV x2  
  58  5:44  Orbital Command  
  58  5:46  SCV x2  
  58  5:47  Terran Infantry Weapons Level 1  
  58  5:48  Marine x2  
  62  5:52  Barracks  
  62  5:53  Barracks  
  62  5:54  Barracks  
  62  5:57  Barracks  
  62  5:58  SCV  
  62  6:02  Siege Tank  
  66  6:10  SCV  
  67  6:15  Supply Depot  
  67  6:19  Starport Reactor  
  67  6:21  SCV x2  
  67  6:25  Marine, Stimpack  
  70  6:33  SCV x2  
  70  6:36  Supply Depot  
  72  6:42  Marine  
  70  6:47  Barracks Tech Lab x2  
  70  6:52  SCV x3  
  73  6:55  Barracks Reactor  
  73  6:56  Marine x2  
  73  6:57  Siege Tank  
  73  7:00  Marine, Medivac x2  
  83  7:04  Supply Depot, SCV  
  84  7:08  SCV  
  84  7:11  Supply Depot, Concussive Shells, Combat Shields  
  84  7:12  Marine x2  
  84  7:14  Marine x2  
  89  7:18  Marine  
  89  7:19  Barracks x2  
  89  7:20  Factory, SCV x2  
  89  7:21  SCV  
  88  7:32  Marine, SCV  
  88  7:33  Marine x2, Marauder x2  
  88  7:36  Marine  
  97  7:40  Siege Tank  
  97  7:41  Terran Infantry Armor Level 1  
  100  7:47  SCV x3  
  100  7:49  Refinery  
  100  7:51  Refinery  
  100  7:52  Marine x3  
  100  7:53  Medivac x2  
  100  7:54  Marauder  
  100  7:55  Marauder  
  100  7:58  Engineering Bay  
  111  7:59  Command Center  
  111  8:00  SCV x2  
  111  8:04  Armory, Marauder  
  115  8:07  Factory Tech Lab  
  115  8:14  Supply Depot  
  115  8:16  Supply Depot, Marauder  
  115  8:17  Marine x2, Marauder  
  115  8:18  Barracks Tech Lab  
  121  8:20  Barracks Reactor  
  121  8:26  Marauder  
  123  8:28  Marine, SCV x3  
  123  8:29  Marine, Siege Tank  
  123  8:34  Medivac  
  133  8:35  Marine x3  
  133  8:37  Marauder  
  133  8:38  Marauder  
  133  8:39  Supply Depot  
  133  8:40  SCV  
  141  8:42  Supply Depot  
  141  8:46  Marine  
  138  9:11  SCV x2  
  138  9:12  SCV  
  142  9:19  Planetary Fortress  
  142  9:23  Marine x2, Sensor Tower, Marauder x4, SCV x2  
  142  9:24  Marine x3, SCV  
  156  9:31  Supply Depot, Terran Infantry Weapons Level 2  
  157  9:35  Terran Ship Weapons Level 1, SCV  
  157  9:36  SCV x2  
  157  9:37  Terran Infantry Armor Level 2  
  160  9:44  Marauder x2  
  160  9:45  Marauder  
  166  9:48  SCV x2  
  168  9:55  Marauder  
  165  10:06  Marauder x3  
  171  10:12  Missile Turret  
  171  10:13  SCV x4  
  171  10:14  Marine x6, Missile Turret  
  176  10:16  Marauder  
  183  10:26  SCV  
  183  10:27  SCV x2, Marauder  
  188  10:37  Marauder, Refinery x2  
  188  10:40  Marauder  
  181  10:57  Missile Turret  
  152  11:07  Marauder x4  
  134  11:14  SCV  
  134  11:15  SCV x3  
  132  11:27  SCV x2  
  114  11:41  Marauder x2  
  114  11:42  Marine x6, Marauder x2  
  128  11:57  Supply Depot, Terran Ship Weapons Level 2  
  128  11:59  Terran Infantry Armor Level 3  
  128  12:00  Marine x3, Terran Infantry Weapons Level 3  
  128  12:01  Marine x3  
  131  12:03  Marine, Marauder x3  
  131  12:04  Barracks  
  131  12:05  Barracks  
  131  12:06  Barracks  
  131  12:08  Medivac x2  
  145  12:09  Siege Tank x2  
  145  12:14  Command Center  
  151  12:17  Marine x2  
  151  12:18  Marine  
  151  12:19  Marine  
  155  12:28  Marauder x4  
  155  12:29  Marine x2  
  165  12:35  Marine x2  
  167  12:38  Medivac  
  167  12:49  Marauder  
  167  12:50  Marauder x3  
  165  12:58  Marine x4  
  141  13:11  Marauder x4  
  129  13:22  Barracks Tech Lab x3  
  129  13:26  Planetary Fortress  
  129  13:32  Marine x3, Marauder x3  
  129  13:33  Marine x3, Marauder  
  143  13:34  Viking  
  143  13:35  Viking  
  143  13:39  Starport  
  143  13:40  Starport  
  147  13:41  Fusion Core  
  147  13:50  Marine x5  
  147  13:51  Marauder x3  
  147  13:54  Marine, Marauder x4  
  167  14:03  Armory  
  167  14:07  Starport  
  167  14:08  Marine x5  
  167  14:09  SCV  
  175  14:10  SCV x3  
  175  14:12  Marine x3  
  175  14:13  Marauder  
  181  14:35  Marauder  
  181  14:36  Marauder x5, Starport Tech Lab  
  181  14:37  Starport Tech Lab  
  193  14:42  Weapon Refit  
  193  14:44  Starport Tech Lab  
  141  15:09  Marauder x7  
  141  15:10  Battlecruiser x2  
  141  15:13  Liberator x3  
  147  15:30  Marauder  
  147  15:33  Marine x7, Marauder x5  
  172  15:51  Marine x8  
  172  15:53  Marine  
  172  15:54  Marine x4  
  172  15:56  Liberator  
  149  16:09  Marine  
  124  16:24  Viking x3, Medivac  
  130  16:29  Marine x6, Marauder x5  
  141  16:47  Marine x6  
  141  16:49  Marine  
  141  16:53  Marauder x3  
  152  16:54  Viking x4  
  152  16:56  Viking  
  161  17:09  Orbital Command  
  158  17:16  Marine, Marauder  
  158  17:17  Marine, Marauder  
  164  17:25  Marine, Marauder  
  134  17:54  Marine x4, Marauder x4  
  123  18:12  Command Center  
  121  18:15  Marauder  
  121  18:19  Siege Tank x2  
  113  18:36  Viking  
  115  18:51  Siege Tank  
  118  18:56  Marine x6, Marauder x3  
  118  18:57  Marine  
  118  19:01  Refinery  
  118  19:02  Refinery  
  131  19:06  Refinery  
  131  19:07  Refinery  
  131  19:08  Missile Turret x2  
  131  19:11  Viking  
  131  19:12  Viking  
  131  19:14  Command Center, Marine x5  
  103  19:32  Marauder x3  
  103  19:33  Marine, Marauder  
  103  19:51  Viking  
  103  19:52  Viking x2  
  95  19:54  Marauder  
  91  20:17  Marine x10  
  88  20:36  Planetary Fortress  
  88  20:44  Marine  
  88  20:45  Viking x3  
  93  21:02  Viking x2  
  94  21:07  Marine x2  
  56  21:49  Marine, Marauder  
  56  21:50  Marine x4, Marauder x3  
  56  21:51  Marine  
  61  22:17  Viking x4  
  61  22:18  Viking  
  68  22:42  Marauder x3  
  68  22:43  Marine x3, Marauder  
  79  22:47  Viking x3  
  69  23:04  Marauder  
  55  23:22  Marine x9  
Show
View Real Time Build Order
Export as new Build Order

Bourbond Terran - Winner!

Build Orders: Reaper Expand, Mech 

Get SALT Encoding   

  12  0:00  SCV  
  13  0:12  SCV  
  14  0:17  Supply Depot  
  14  0:25  SCV  
  15  0:28  Refinery  
  15  0:39  SCV  
  16  0:46  Barracks  
  16  0:51  SCV  
  17  1:03  SCV  
  18  1:15  SCV  
  19  1:33  Orbital Command  
  19  1:34  Reaper  
  20  1:51  Command Center  
  20  1:59  SCV  
  21  2:06  Factory  
  21  2:09  Barracks Reactor  
  21  2:13  SCV  
  22  2:16  Refinery  
  22  2:23  Supply Depot  
  22  2:27  SCV  
  23  2:45  SCV  
  24  2:54  Starport  
  24  2:56  Hellion  
  24  2:57  SCV  
  27  3:02  Hellion  
  29  3:10  Orbital Command  
  29  3:16  SCV  
  30  3:22  Cyclone  
  30  3:24  Barracks Tech Lab  
  33  3:33  Cyclone  
  36  3:37  SCV x2  
  38  3:49  SCV  
  38  3:53  SCV  
  40  3:57  Cyclone  
  40  4:02  SCV  
  44  4:03  Viking  
  44  4:08  Supply Depot  
  46  4:10  Supply Depot  
  46  4:12  SCV  
  46  4:14  SCV  
  46  4:16  Cyclone  
  51  4:21  Supply Depot  
  51  4:24  SCV  
  52  4:26  SCV  
  53  4:36  SCV  
  54  4:38  SCV  
  55  4:50  Command Center  
  55  4:52  Raven  
  57  4:59  SCV x2  
  59  5:03  Refinery  
  59  5:05  Refinery  
  59  5:07  Supply Depot  
  59  5:11  SCV  
  59  5:12  Hellion  
  59  5:13  Factory  
  60  5:26  SCV x2  
  55  5:38  SCV  
  55  5:40  SCV  
  47  5:50  SCV  
  47  5:51  Hellion x2  
  47  5:52  SCV  
  53  6:00  Barracks Tech Lab  
  53  6:02  SCV  
  53  6:03  Factory  
  54  6:04  Armory  
  54  6:06  Starport Reactor  
  54  6:07  SCV  
  54  6:09  Armory  
  56  6:14  Orbital Command, SCV  
  56  6:23  Siege Tank  
  58  6:29  SCV  
  55  6:37  SCV  
  55  6:38  Hellion  
  57  6:45  Orbital Command  
  56  6:47  Viking  
  56  6:50  SCV x2  
  60  6:55  Siege Tank  
  60  6:56  Infernal Pre-Igniter  
  60  6:59  Hellion  
  65  7:03  Refinery  
  65  7:07  Refinery  
  65  7:08  SCV  
  65  7:10  Medivac  
  65  7:12  SCV  
  65  7:14  Terran Vehicle Weapons Level 1  
  69  7:18  SCV  
  69  7:22  SCV  
  71  7:28  Siege Tank  
  71  7:29  Hellion x2  
  66  7:30  SCV  
  64  7:37  Engineering Bay  
  64  7:47  SCV  
  64  7:48  SCV  
  66  7:53  SCV  
  66  7:55  Siege Tank  
  66  7:56  Hellion x2  
  74  8:00  Factory  
  74  8:02  Terran Vehicle And Ship Armor Level 1  
  74  8:05  Factory  
  74  8:08  SCV x2  
  76  8:14  Missile Turret  
  76  8:15  Missile Turret  
  76  8:17  Missile Turret  
  76  8:18  SCV  
  77  8:26  SCV  
  78  8:28  Missile Turret  
  78  8:29  SCV  
  78  8:32  Sensor Tower  
  78  8:33  Siege Tank  
  82  8:38  SCV  
  82  8:40  Barracks Tech Lab  
  83  8:45  Factory Reactor  
  83  8:46  Siege Tank  
  83  8:47  Hellion  
  88  8:49  SCV  
  88  8:50  SCV  
  84  9:03  SCV  
  84  9:04  SCV  
  84  9:05  Siege Tank  
  84  9:06  SCV  
  84  9:09  Supply Depot, Terran Vehicle Weapons Level 2  
  88  9:16  SCV  
  89  9:17  SCV  
  89  9:18  SCV  
  89  9:19  Siege Tank  
  89  9:21  Siege Tank  
  97  9:24  Missile Turret  
  97  9:28  SCV  
  97  9:29  SCV  
  97  9:30  SCV  
  100  9:33  Hellion x3  
  106  9:40  SCV  
  106  9:41  SCV  
  108  9:49  Siege Tank  
  109  10:02  Terran Vehicle And Ship Armor Level 2  
  109  10:07  Supply Depot x2, Siege Tank x2, Hellion x3  
  121  10:08  SCV x3  
  124  10:22  Smart Servos  
  124  10:29  Siege Tank  
  124  10:30  SCV x3  
  124  10:32  Missile Turret  
  128  10:39  Siege Tank  
  131  10:43  SCV x2  
  131  10:46  Missile Turret  
  131  10:47  Missile Turret  
  131  10:49  Sensor Tower  
  131  10:53  SCV  
  131  10:55  SCV  
  133  10:57  Command Center  
  120  11:06  Siege Tank x2  
  120  11:07  Hellion x2  
  120  11:11  Siege Tank  
  108  11:23  SCV  
  107  11:28  Hellion x2  
  107  11:32  SCV  
  108  11:38  Siege Tank x2, Hellion  
  113  11:43  Siege Tank, Hellion  
  118  11:48  SCV x2  
  120  11:54  Command Center  
  120  11:56  SCV  
  120  11:58  Missile Turret  
  120  11:59  Hellion x2  
  125  12:08  Sensor Tower  
  125  12:09  Supply Depot  
  125  12:10  Starport, Siege Tank  
  125  12:11  Siege Tank  
  125  12:15  Siege Tank  
  128  12:45  Siege Tank x2  
  128  12:46  Hellion x3  
  128  12:50  Terran Ship Weapons Level 1, Terran Vehicle Weapons Level 3  
  128  12:51  Starport, Fusion Core  
  130  12:56  Hellion  
  130  12:57  Hellion  
  134  13:07  Hellion  
  134  13:10  Command Center  
  136  13:19  SCV  
  129  13:23  Refinery  
  129  13:26  Planetary Fortress  
  129  13:30  Starport Tech Lab x2  
  129  13:32  Viking x2  
  129  13:33  Thor  
  139  13:34  Siege Tank  
  139  13:37  SCV  
  143  13:46  Missile Turret  
  143  13:53  Missile Turret  
  143  14:01  Refinery  
  143  14:04  Hellion x4  
  143  14:05  Viking x4  
  143  14:08  Supply Depot  
  159  14:11  Advanced Ballistics  
  159  14:17  Hellion  
  159  14:18  Hellion  
  163  14:25  Missile Turret  
  163  14:27  Missile Turret, SCV x2  
  163  14:30  Missile Turret  
  165  14:37  Siege Tank  
  165  14:38  Hellion x2  
  154  15:08  Siege Tank x2  
  154  15:09  Viking x3, Hellion x3  
  161  15:41  SCV x3  
  161  15:42  Command Center  
  164  15:50  Liberator x2  
  153  16:04  Viking  
  153  16:05  Siege Tank x3, Viking  
  153  16:06  Hellion x2  
  152  16:30  Hellion x4  
  160  16:37  Siege Tank x2  
  160  16:38  Siege Tank  
  169  16:44  Planetary Fortress  
  169  16:50  Banshee  
  169  16:51  Hellion x2  
  176  16:57  Command Center, SCV  
  176  17:00  Command Center, Refinery  
  176  17:01  Refinery  
  177  17:07  Missile Turret x2  
  177  17:08  Missile Turret  
  177  17:09  Siege Tank x2  
  177  17:11  Missile Turret  
  177  17:13  Viking x3  
  177  17:14  Terran Ship Weapons Level 2  
  177  17:15  Terran Vehicle And Ship Armor Level 3  
  189  17:17  Weapon Refit  
  127  18:04  Siege Tank  
  127  18:05  Cyclone x2, Hellion x4  
  130  18:10  SCV  
  128  18:26  Cyclone, Hellion x2  
  135  18:35  Viking x3  
  141  18:42  Siege Tank  
  142  18:57  Refinery  
  142  18:59  Refinery  
  142  19:00  Missile Turret  
  142  19:02  Sensor Tower  
  138  19:18  Viking x2  
  134  19:27  Siege Tank x3, Hellion x4  
  142  19:32  Liberator  
  136  19:49  Battlecruiser  
  136  19:50  Liberator  
  136  19:51  Liberator  
  136  20:07  Thor  
  136  20:09  Terran Ship Weapons Level 3  
  136  20:12  SCV  
  136  20:13  Planetary Fortress  
  147  20:29  Thor, Siege Tank  
  147  20:33  Viking, Liberator x2  
  147  20:35  SCV, Liberator  
  148  20:46  Liberator  
  157  20:57  Hellion x5  
  157  21:02  Hellion  
  172  21:13  Hellion  
  172  21:16  Liberator  
  171  21:18  Hellion  
  171  21:19  Hellion x4  
  171  21:23  Hellion  
  180  21:34  Hellion  
  180  21:36  SCV  
  188  21:40  Hellion x5  
  188  21:44  Hellion  
  196  21:55  Siege Tank  
  193  22:13  Battlecruiser  
  193  22:21  Siege Tank  
  193  22:22  Viking, Hellion  
  188  22:40  Command Center  
  196  22:51  Hellion  
  196  22:53  Hellion x2  
  194  23:00  Command Center  
  189  23:06  Viking x2  
  189  23:09  SCV  
  191  23:12  Refinery  
  191  23:13  Refinery  
  177  23:36  Refinery  
  177  23:37  Refinery  
Tags
 
Composition
MMM BioMech
Matchup
TvT
Race
Terran
Replay Pack
zielreplay
Spawn Locations
Cross Positions
Strategy
Banshee Rush
Add a new tag
Caveats
  • Supply blocks, unpowered buildings, or Contaminate may cause inaccurate times.
  • Supply counts are checked every 10 seconds.